 Dungeon Crawl Stone Soup version 0.23.0-3-gf3c87f2 (webtiles) character file.

Game seed: 525767996396461783

50 misha the Poker (level 3, -1/30 HPs)
             Began as a Merfolk Berserker on Feb 24, 2019.
             Was a Follower of Trog.
             Slain by a gnoll
             ... wielding a +0 halberd
              (4 damage)
             ... while paralysed by Grinder
             ... on level 3 of the Dungeon.
             The game lasted 00:08:49 (2657 turns).

misha the Poker (Merfolk Berserker)                 Turns: 2657, Time: 00:08:51

Health: -1/30      AC:  8    Str: 18    XL:     3   Next: 79%
Magic:  3/3        EV:  2    Int:  6    God:    Trog [*.....]
Gold:   77         SH:  0    Dex: 13    Spells: 2/2 levels left

rFire    . . .     SeeInvis .   a - +1 spear
rCold    . . .     Gourm    .   (no shield)
rNeg     + . .     Faith    .   m - +2 scale mail {rN+}
rPois    .         Spirit   .   (no helmet)
rElec    .         Reflect  .   (no cloak)
rCorr    .         Harm     .   (no gloves)
MR       .....                  (no boots)
Stlth    ..........             (no amulet)
HPRegen  0.10/turn              (no ring)
MPRegen  0.08/turn              (no ring)

@: paralysed
A: change form in water, swift swim, stealthy swim
a: Berserk, Renounce Religion


You were on level 3 of the Dungeon.
You worshipped Trog.
Trog was aware of your devotion.
You were near starving.

You visited 1 branch of the dungeon, and saw 4 of its levels.

You collected 77 gold pieces.

Inventory:

Hand Weapons
 a - a +1 spear (weapon)
Missiles
 q - 17 arrows
 r - 14 bolts
Armour
 b - a +0 animal skin
 m - a +2 scale mail of positive energy (worn)
Scrolls
 i - a scroll of magic mapping {unknown}
 k - a scroll of fog {unknown}
 l - 2 scrolls of blinking {unknown}
 n - a scroll of identify {unknown}
 o - a scroll of random uselessness {unknown}
 s - a scroll of immolation {unknown}
Potions
 e - a potion of might {unknown}
 f - a potion of lignification {unknown}
 g - a potion of curing {unknown}
 j - a potion of heal wounds {unknown}
 p - a potion of experience {unknown}
Comestibles
 c - 3 rations


   Skills:
 + Level 4.2 Fighting
 + Level 5.6 Polearms
 - Level 1.4 Armour
 - Level 2.8 Dodging


You had 2 spell levels left.
You didn't know any spells.
Your spell library was empty.

Dungeon Overview and Level Annotations

Branches:
Dungeon (4/15)
 Temple: D:4-7

Altars:
Cheibriados
Kikubaaqudgha
Makhleb
Xom
Zin

Annotations:
D:2 2 transporters
D:3 Grinder


Message History

Grinder barely misses you. Grinder hits you.
There is a stone staircase leading up here.
Grinder hits you but does no damage.
You climb upwards.
The gnoll shouts!
The gnoll hits you with a +0 halberd!
There is a stone staircase leading down, spattered with blood here.
As you read the scroll labeled KEFYRO HUTIKK, it crumbles to dust.
You feel blessed for a moment.
It was a scroll of remove curse.
The gnoll hits you with a +0 halberd! Grinder hits you.
* * * LOW HITPOINT WARNING * * *
You writhe in agony.
* * * LOW HITPOINT WARNING * * *
As you read the scroll labeled OXEDICV TIOJEC, it crumbles to dust.
It is a scroll of enchant weapon.
Your +0 spear glows red for a moment.
Grinder gestures at you.
You suddenly lose the ability to move!
The gnoll hits you with a +0 halberd.
You die...

#### ###+...#
####...###...####
.........#...##.####
..#.........)......#
........<..........#
.#gg..............#
#................#
#g...............#
#.@5.............#
#....$....########
#.........#
#.........#
##.......##
##.....## #######


You could see Grinder and 3 gnolls.

Vanquished Creatures
  A gnoll (D:4)
  2 adder skeletons (D:4)
  2 worms (D:2)
  A dart slug (D:1)
  3 leopard geckos
  A giant cockroach (D:1)
  3 goblins
  4 hobgoblins
  3 bats
  3 frilled lizards (D:1)
  2 rats
25 creatures vanquished.

Vanquished Creatures (others)
  A goblin (D:3)
1 creature vanquished.

Grand Total: 26 creatures vanquished

Notes
Turn   | Place    | Note
-------+----------+-------------------------------------------
     0 | D:1      | misha the Merfolk Berserker began the quest for the Orb.
     0 | D:1      | Reached XP level 1. HP: 18/18 MP: 1/1
   320 | D:1      | Reached XP level 2. HP: 5/24 MP: 2/2
  1002 | D:1      | Reached skill level 5 in Polearms
  1416 | D:2      | Found a transporter.
  1623 | D:2      | Found a transporter.
  1628 | D:2      | Found a snail-covered altar of Cheibriados.
  1683 | D:2      | Reached XP level 3. HP: 17/30 MP: 3/3
  1931 | D:2      | Found an ancient bone altar of Kikubaaqudgha.
  1986 | D:2      | Found a shimmering altar of Xom.
  2307 | D:3      | Found a burning altar of Makhleb.
  2307 | D:3      | Noticed an Executioner
  2326 | D:3      | Found a glowing silver altar of Zin.
  2326 | D:3      | Noticed an angel
  2646 | D:4      | Noticed Grinder
  2657 | D:3      | Paralysed by Grinder for 2 turns
  2657 | D:3      | Slain by a gnoll

Skill      XL: |  1  2  3 |
---------------+----------+-----
Polearms       | 5 |  5.6
Fighting       | 4 |  4.2
Armour         | |  1.4
Dodging        | |  2.8

Action                   || total
-------------------------++-------
Melee: Spear             ||   114
  Use: Scroll            ||     2
 Stab: Sleeping          ||     1
  Eat: Ration            ||     1
Armor: Animal skin       ||     4
       Scale mail        ||    23
Dodge: Dodged            ||    49
